 Dungeon Crawl Stone Soup version 0.25-a0-294-gea9b1ad378 (webtiles) character file.

Game seed: 3589487512415660963, levelgen mode: deterministic

83381 Spot the Spear-Bearer (level 15, -6/119 HPs)
             Began as a Demonspawn Venom Mage on Dec 17, 2019.
             Was a Follower of Uskayaw.
             Splashed by an acid dragon's acid (13 damage)
             ... on level 14 of the Dungeon.
             The game lasted 01:40:50 (28538 turns).

Spot the Spear-Bearer (Demonspawn Venom Mage)      Turns: 28538, Time: 01:40:52

Health: -6/119     AC: 18    Str: 15    XL:     15   Next: 32%
Magic:  20/20      EV:  9    Int: 23    God:    Uskayaw [*.....]
Gold:   566        SH: 14    Dex: 15    Spells: 15/24 levels left

rFire    + . .     SeeInvis .   v - +9 lance "Wyrmbane" {slay drac, rPois rF+ rC+ AC+3}
rCold    + + .     Gourm    .   N - +0 shield
rNeg     + . .     Faith    .   m - +4 chain mail of Absence {rC- Slay+3 Stlth+}
rPois    +         Spirit   .   (no helmet)
rElec    .         Reflect  +   O - +2 cloak
rCorr    .         Harm     .   Y - +2 pair of gloves {archery}
MR       +....                  (boots unavailable)
Stlth    ..........             x - amulet of Xumputem {Reflect Str+4 Int+3 SH+3}
HPRegen  0.00/turn              y - ring of Kuh Qickebu {rN+ Int+3 Slay+3}
MPRegen  0.17/turn              h - +1 ring of evasion

@: corroded
A: claws 1, talons 3, repulsion field 1, cold resistance 2, low mp 1, inhibited
regeneration, spiny 1, weak 1, freezing cloud immunity
a: Stomp, Renounce Religion


You were on level 14 of the Dungeon.
You worshipped Uskayaw.
Uskayaw was aware of your devotion.
You were not hungry.

You visited 4 branches of the dungeon, and saw 23 of its levels.
You also visited: Gauntlet.

You collected 1992 gold pieces.
You spent 1426 gold pieces at shops.

Inventory:

Hand Weapons
 v - the +9 lance "Wyrmbane" (weapon) {slay drac, rPois rF+ rC+ AC+3}
   (You found it on level 4 of the Dungeon)

   It affects your AC (+3).
   It protects you from fire.
   It protects you from cold.
   It protects you from poison.
Missiles
 l - 26 poisoned darts
 D - 5 throwing nets
 L - 16 javelins (quivered)
 Z - 16 boomerangs
Armour
 m - the +4 chain mail of Absence (worn) {rC- Slay+3 Stlth+}
   (You found it on level 13 of the Dungeon)

   It affects your accuracy and damage with ranged weapons and melee attacks
   (+3).
   It makes you vulnerable to cold.
   It makes you more stealthy.
 N - a +0 shield (worn)
 O - a +2 cloak (worn)
 Y - a +2 pair of gloves of archery (worn)
Jewellery
 e - an uncursed ring of see invisible
 h - a +1 ring of evasion (right hand)
 i - an uncursed ring of protection from cold
 j - an uncursed ring of resist corrosion
 x - the amulet of Xumputem (around neck) {Reflect Str+4 Int+3 SH+3}
   (You bought it in a shop on level 13 of the Dungeon)

   [amulet of reflection]

   It shields you and reflects attacks.
   It affects your strength (+4).
   It affects your intelligence (+3).
   It affects your SH (+3).
 y - the ring of Kuh Qickebu (left hand) {rN+ Int+3 Slay+3}
   (You bought it in a shop on level 2 of the Orcish Mines)

   [ring of positive energy]

   It affects your intelligence (+3).
   It affects your accuracy and damage with ranged weapons and melee attacks
   (+3).
   It protects you from negative energy.
 A - an uncursed ring of protection from fire
 Q - an uncursed ring of ice
 S - an uncursed ring of positive energy
Wands
 f - a wand of disintegration (42)
 k - a wand of digging (3)
 n - a wand of enslavement (6)
 w - a wand of iceblast (8)
 I - a wand of paralysis (10)
 R - a wand of acid (9)
Scrolls
 b - 5 scrolls of teleportation
 d - a scroll of enchant weapon
 s - 10 scrolls of remove curse
 t - 4 scrolls of magic mapping
 B - 2 scrolls of blinking
 E - 8 scrolls of identify
 F - 2 scrolls of fear
 H - 4 scrolls of fog
 P - 2 scrolls of summoning
 X - a scroll of silence
Potions
 o - a potion of flight
 q - a potion of haste
 r - 4 potions of brilliance
 u - 2 potions of lignification
 z - 2 potions of agility
 C - 3 potions of might
 G - 9 potions of curing
 K - 3 potions of heal wounds
 M - 2 potions of ambrosia
 T - a potion of cancellation
Miscellaneous
 p - a box of beasts
 J - a phial of floods
Comestibles
 a - 6 chunks of flesh
 c - 37 rations


   Skills:
 + Level 11.4 Fighting
   Level 1.5(8.4) Axes
 - Level 12.6 Polearms
 * Level 5.9 Throwing
 * Level 11.6 Armour
 - Level 1.7 Dodging
 - Level 1.7 Stealth
 * Level 7.8 Shields
 - Level 5.3 Spellcasting
 - Level 2.7 Necromancy
 + Level 1.3 Transmutations
 - Level 4.0 Air Magic
 - Level 7.0 Poison Magic
 * Level 10.8 Invocations
 + Level 2.4 Evocations


You had 15 spell levels left.
You knew the following spells:

 Your Spells              Type           Power        Failure   Level  Hunger
a - Olgreb's Toxic Radia  Pois           #####...     80%         4    ####...
b - Poisonous Vapours     Pois/Air       ####..       36%         2    None
c - Passwall              Tmut/Erth      #.......     96%         2    None
d - Animate Skeleton      Necr           N/A          63%         1    None

Your spell library contained the following spells:

 Spells                   Type           Power        Failure   Level  Hunger
 Sting                    Tmut/Pois      ####         41%         1    None
 Pain                     Necr           ###.         63%         1    None
 Shock                    Conj/Air       ###.         73%         1    None
 Spider Form              Tmut/Pois      ####......   80%         3    ##.....
 Beastly Appendage        Tmut           ##....       83%         1    None
 Swiftness                Chrm/Air       ###.....     86%         2    None
 Mephitic Cloud           Conj/Pois/Air  ###.....     86%         3    ##.....
 Sticks to Snakes         Tmut           ##......     92%         2    None
 Apportation              Tloc           #.....       94%         1    None
 Confusing Touch          Hex            #.....       94%         1    None
 Corona                   Hex            #......      94%         1    None
 Magic Dart               Conj           #...         94%         1    None
 Sandblast                Erth           #.....       94%         1    None
 Summon Small Mammal      Summ           #...         94%         1    None
 Ignite Poison            Fire/Tmut/Pois ###.....     94%         3    ##.....
 Vampiric Draining        Necr           ###.......   94%         3    ##.....
 Static Discharge         Conj/Air       ###.....     97%         3    ##.....
 Blink                    Tloc           N/A          98%         2    None
 Call Imp                 Summ           #.......     98%         2    None
 Ensorcelled Hibernation  Hex/Ice        #.....       98%         2    None
 Slow                     Hex            #.......     98%         2    None
 Regeneration             Chrm/Necr      ##........   99%         3    ##.....
 Airstrike                Air            ###.......   99%         4    ####...
 Confuse                  Hex            #.......     100%        3    ##.....
 Conjure Flame            Conj/Fire      #.......     100%        3    ##.....
 Dazzling Flash           Conj/Hex       #.....       100%        3    ##.....
 Stone Arrow              Conj/Erth      #.....       100%        3    ##.....
 Tukima's Dance           Hex            #.......     100%        3    ##.....
 Animate Dead             Necr           N/A          100%        4    ####...
 Ice Form                 Ice/Tmut       #.......     100%        4    ####...
 Petrify                  Tmut/Erth      #.......     100%        4    ####...
 Summon Lightning Spire   Summ/Air       ###.....     100%        4    ####...
 Blade Hands              Tmut           ##........   100%        5    #####..
 Lee's Rapid Deconstruct  Erth           #.........   100%        5    #####..
 Lightning Bolt           Conj/Air       ###.......   100%        5    #####..
 Silence                  Hex/Air        ###.......   100%        5    #####..
 Conjure Ball Lightning   Conj/Air       ###.......   100%        6    #######
 Deflect Missiles         Chrm/Air       ###.......   100%        6    #######
 Malign Gateway           Summ/Tloc      #.........   100%        7    #######
 Monstrous Menagerie      Summ           #.........   100%        7    #######
 Summon Greater Demon     Summ           #.........   100%        7    #######
 Summon Horrible Things   Summ           #.........   100%        8    #######
 Tornado                  Air            ###.......   100%        9    #######


Dungeon Overview and Level Annotations

Branches:
Dungeon (14/15)            Temple (1/1) D:6            Lair (6/6) D:10
 Shoals (0/4) Lair:3        Snake (0/4) Lair:2        Slime (0/5) Lair:6
    Orc (2/2) D:12            Elf (0/3) Orc:2        Vaults (0/5) D:13
Gauntlet (visited)

Altars:
Ashenzari
Cheibriados
Dithmenos
Elyvilon
Fedhas
Gozag
Hepliaklqana
Kikubaaqudgha
Makhleb
Nemelex Xobeh
Okawaru
Qazlal
Ru
Sif Muna
Trog
Uskayaw
Vehumet
Wu Jian
Xom
Yredelemnul
Zin
The Shining One
Beogh

Shops:
D:8 [   D:10 ?**(   D:13 =[}!   Orc:2 **=:

Annotations:
D:3 exclusion: downstairs
D:4 MisterFreud's ghost, novice HuWn
D:5 exclusion: downstairs
D:8 exclusion: downstairs
D:9 3 runed translucent doors, Somebody's ghost, novice DsGl; TheNamelessOne's ghost, journeyman OpFi; TheNamelessOne's ghost, journeyman OpVM; night's ghost, novice DsCj; twoshot's ghost, novice GnWz
D:11 exclusion: 2 downstairs
Lair:1 1 runed translucent door, exclusion: oklob plant, mopl's ghost, journeyman HOMo
Lair:3 1 runed translucent door, Junuurch's ghost, journeyman OpFi


Innate Abilities, Weirdness & Mutations

You have claws for feet.
You are surrounded by a mild repulsion field. (EV +2)
Your flesh is very cold resistant. (rC++)
You are partially covered in sharp spines.
You are immune to freezing clouds.
You have sharp fingernails.
Your magical capacity is low. (-10% MP)
You do not regenerate when monsters are visible.
You are weak. (Str -2)


Message History

The bolt of electricity hits you!
* * * LOW HITPOINT WARNING * * *
The acid dragon spits acid at you. The splash of acid hits you.
* * * LOW HITPOINT WARNING * * *
You are splashed with acid!
* * * LOW HITPOINT WARNING * * *
The acid dragon spits acid at you. The splash of acid misses you.
Throwing (i - inventory. (/) - cycle)
L - 17 javelins (quivered)
Press: ? - help, Shift-Dir - straight line, f - acid dragon
Aim: an acid dragon (catching its breath)
You throw a javelin.
The javelin pierces through the acid dragon!
The acid dragon is heavily wounded.
The acid dragon spits acid at you. The splash of acid hits you!
* * * LOW HITPOINT WARNING * * *
You are splashed with acid!
You die...

........#....##....##....
........#....##....##....
.............##.÷..##....
.....#...(...#..........#
.....#.....###..........#
........................#
######................###
#........#...#.....#####
#......@................
..##................[......
.......(..........##.......
..................##.......
#......#)..................
.......#.D.................
#......#...................
.......#(...#..............
≈..........................


You could see an acid dragon.

Vanquished Creatures
  Saint Roka (Orc:1)
  An ironheart preserver (D:13)
  The ghost of floatRand the Blocker, a journeyman GnFi of Cheibriados (Lair:6)
  Nessos (Lair:5)
  A minotaur (Gauntlet)
  A death ooze (Gauntlet)
  Josephine (Lair:5)
  Fannar (D:12)
  5 hydras
  2 death knights
  A queen ant (D:10)
  8 death yaks
  3 two-headed ogres
  A tengu warrior (D:9)
  An orc high priest (Orc:2)
  A fire crab (Lair:6)
  3 skeletal warriors (D:12)
  2 unseen horrors
  3 orc knights
  A lindwurm (Lair:5)
  A deep elf mage (D:12)
  5 manticores
  4 orc sorcerers (Orc:2)
  6 ugly things
  4 cyclopes
  5 elephants (Lair:4)
  2 black mambas
  9 spiny frogs
  2 rime drakes (Lair:6)
  4 komodo dragons
  An efreet (D:9)
  10 trolls
  10 polar bears
  A wolf spider simulacrum (D:14)
  8 hornets
  A slime creature (Gauntlet)
  10 hippogriffs
  A hornet (shapeshifter) (D:13)
  A dream sheep (Lair:6)
  13 spriggans
  A vampire (D:11)
  A water elemental (D:13)
  7 wraiths
  23 yaks
  Sigmund (D:5)
  4 wyverns
  3 basilisks
  A hungry ghost (D:10)
  5 steam dragons
  5 vampire mosquitoes
  Edmund (D:5)
  2 wargs
  3 nagas (Lair:2)
  9 soldier ants
  2 acid dragons
  14 porcupines
  11 water moccasins
  2 sky beasts
  30 orc warriors
  4 ice beasts
  5 black bears
  4 eyes of draining
  An ogre (shapeshifter) (D:9)
  A necrophage (D:10)
  3 phantoms
  31 wolves
  16 ogres
  5 boggarts (Lair:6)
  14 centaurs
  14 crocodiles
  7 big kobolds
  9 bullfrogs
  2 gnoll sergeants (D:12)
  A wyvern zombie (D:14)
  5 scorpions
  13 killer bees
  3 wights (D:12)
  An electric eel (D:14)
  9 crimson imps
  A howler monkey (D:8)
  3 quasits
  5 bullfrog zombies
  13 hounds
  8 jellies
  3 centaur zombies
  Crazy Yiuf (D:2)
  27 orc priests
  2 centaur skeletons
  37 orc wizards
  4 bullfrog skeletons
  7 iguanas
  Jessica (D:2)
  27 worker ants
  3 hound skeletons
  A howler monkey skeleton (D:5)
  3 worker ant zombies
  7 gnolls
  16 adders
  2 shadow imps
  3 adder skeletons
  An adder zombie (D:8)
  5 worms
  2 dart slugs
  6 leopard geckos
  107 orcs
  2 ball pythons
  7 bats
  3 giant cockroaches (D:2)
  10 goblins
  18 hobgoblins
  11 jackals
  18 kobolds
  5 quokkas
  3 frilled lizards
  A leopard gecko zombie (D:4)
  A quokka skeleton (D:5)
  9 rats
  3 butterflies (Lair:4)
796 creatures vanquished.

Vanquished Creatures (collateral kills)
  An elephant (Lair:4)
  A rime drake (Lair:4)
  A yak (Lair:4)
3 creatures vanquished.

Vanquished Creatures (others)
  A centaur warrior (D:14)
  An acid dragon (D:9)
  A centaur (D:14)
  3 bushes (D:14)
  42 fungi
  24 plants
72 creatures vanquished.

Grand Total: 871 creatures vanquished

Notes
Turn   | Place    | Note
-------+----------+-------------------------------------------
     0 | D:1      | Spot the Demonspawn Venom Mage began the quest for the Orb.
     0 | D:1      | Reached XP level 1. HP: 13/13 MP: 3/3
   342 | D:1      | Gained mutation: You are surrounded by a mild repulsion
                  | field. (EV +2) [demonic ancestry]
   342 | D:1      | Reached XP level 2. HP: 12/19 MP: 3/5
   405 | D:1      | Reached skill level 1 in Transmutations
   626 | D:1      | Learned a level 2 spell: Poisonous Vapours
  1298 | D:2      | Gained mutation: You have sharp toenails. [demonic
                  | ancestry]
  1298 | D:2      | Reached XP level 3. HP: 24/24 MP: 1/6
  1307 | D:2      | You fall into a shaft and drop 1 floor!
  1718 | D:3      | Reached XP level 4. HP: 5/31 MP: 0/8
  2036 | D:3      | Reached skill level 1 in Air Magic
  2108 | D:3      | Reached skill level 1 in Armour
  2393 | D:2      | Noticed Jessica
  2404 | D:2      | Killed Jessica
  2404 | D:2      | Reached XP level 5. HP: 32/36 MP: 0/9
  3543 | D:2      | Found a runed translucent door.
  3544 | D:2      | Noticed Crazy Yiuf
  3837 | D:2      | Killed Crazy Yiuf
  4273 | D:3      | Found a shimmering altar of Xom.
  4836 | D:4      | Gained mutation: You are partially covered in sharp spines.
                  | [demonic ancestry]
  4836 | D:4      | Reached XP level 6. HP: 42/42 MP: 5/10
  4855 | D:4      | Reached skill level 1 in Axes
  5100 | D:4      | Found a runed translucent gate.
  5106 | D:4      | Found a runed translucent gate.
  5110 | D:4      | Learned a level 2 spell: Passwall
  5110 | D:4      | Found a runed translucent gate.
  5446 | D:4      | Reached skill level 1 in Fighting
  5565 | D:4      | Noticed MisterFreud's ghost (novice HuWn)
  5566 | D:4      | Found the +8 lance "Wyrmbane" {slay drac, rPois rF+ rC+
                  | AC+3}
  5702 | D:5      | Entered Level 5 of the Dungeon
  5712 | D:5      | Noticed Edmund
  5729 | D:5      | Killed Edmund
  5729 | D:5      | Reached XP level 7. HP: 26/48 MP: 0/12
  5879 | D:5      | Gained mutation: You can translocate small distances at
                  | will. [potion of mutation]
  5879 | D:5      | Gained mutation: Your muscles are strong. (Str +2) [potion
                  | of mutation]
  5990 | D:5      | Reached skill level 1 in Polearms
  5990 | D:5      | Reached skill level 1 in Throwing
  6307 | D:5      | Reached skill level 2 in Polearms
  6528 | D:5      | Noticed Sigmund
  6536 | D:5      | Killed Sigmund
  6536 | D:5      | Reached skill level 3 in Polearms
  6536 | D:5      | Reached skill level 5 in Poison Magic
  6536 | D:5      | Reached XP level 8. HP: 40/55 MP: 5/14
  6999 | D:5      | Learned a level 4 spell: Olgreb's Toxic Radiance
  7096 | D:6      | Reached skill level 4 in Polearms
  7218 | D:6      | Reached skill level 5 in Polearms
  7374 | D:6      | Gained mutation: Your flesh is cold resistant. (rC+)
                  | [demonic ancestry]
  7374 | D:6      | Reached XP level 9. HP: 35/62 MP: 13/15
  7545 | D:6      | Lost mutation: Your muscles are strong. (Str +2) [potion of
                  | mutation]
  7545 | D:6      | Lost mutation: You can translocate small distances at will.
                  | [potion of mutation]
  7545 | D:6      | Gained mutation: You are somewhat resistant to further
                  | mutation. [potion of mutation]
  7545 | D:6      | Gained mutation: Your flesh is very cold resistant. (rC++)
                  | [potion of mutation]
  7614 | D:6      | Reached skill level 5 in Armour
  7781 | D:6      | Reached skill level 6 in Polearms
  7873 | D:6      | Found a staircase to the Ecumenical Temple.
  7884 | Temple   | Entered the Ecumenical Temple
  8133 | Temple   | Became a worshipper of Uskayaw the Reveler
  8235 | D:6      | Reached * piety under Uskayaw
  8237 | D:6      | Reached ** piety under Uskayaw
  8938 | D:7      | Reached skill level 5 in Spellcasting
  9242 | D:8      | Reached skill level 7 in Polearms
  9589 | D:8      | Reached *** piety under Uskayaw
  9591 | D:8      | Reached **** piety under Uskayaw
  9734 | D:8      | Found Daorch's Antique Armour Shop.
  9833 | D:9      | Found a burning altar of Makhleb.
  9857 | D:9      | Noticed a troll
  9863 | D:9      | Killed a troll
  9863 | D:9      | Reached XP level 10. HP: 69/70 MP: 17/17
  9942 | D:9      | Found a runed translucent gate.
  9943 | D:9      | Found a runed translucent gate.
  9943 | D:9      | Found a runed translucent gate.
  9945 | D:9      | Noticed twoshot's ghost (novice GnWz)
  9945 | D:9      | Noticed night's ghost (novice DsCj)
  9945 | D:9      | Noticed TheNamelessOne's ghost (journeyman OpFi)
  9945 | D:9      | Noticed TheNamelessOne's ghost (journeyman OpVM)
  9945 | D:9      | Noticed Somebody's ghost (novice DsGl)
  9958 | D:9      | Noticed a death knight
 10006 | D:9      | Killed a death knight
 10006 | D:9      | Reached skill level 8 in Polearms
 10484 | D:9      | Noticed an orc knight
 10525 | D:9      | Killed an orc knight
 10529 | D:9      | Reached skill level 9 in Polearms
 11027 | D:9      | Reached ***** piety under Uskayaw
 11043 | D:9      | Reached ****** piety under Uskayaw
 11231 | D:9      | Noticed a tengu warrior
 11250 | D:9      | Noticed an unseen horror
 11256 | D:9      | Killed an unseen horror
 11256 | D:9      | Reached XP level 11. HP: 12/77 MP: 19/19
 11587 | D:9      | Killed a tengu warrior
 12021 | D:10     | Entered Level 10 of the Dungeon
 12025 | D:10     | Reached skill level 10 in Polearms
 12328 | D:10     | Reached skill level 5 in Fighting
 12583 | D:10     | Reached skill level 1 in Invocations
 12591 | D:10     | Noticed a queen ant
 12618 | D:10     | Killed a queen ant
 12822 | D:10     | Found Rachas's Magic Scroll Emporium.
 12917 | D:10     | Found Kuoreng's Weapon Boutique.
 13163 | D:10     | Found a staircase to the Lair.
 13202 | D:10     | Reached skill level 11 in Polearms
 13331 | D:10     | Found Xuamekke's General Store.
 13334 | D:10     | Bought a potion of heal wounds for 80 gold pieces
 13340 | D:10     | Found Archagg's Assorted Antiques.
 13348 | D:10     | Bought a fuming silvery potion for 27 gold pieces
 13617 | D:11     | Noticed an unseen horror
 13625 | D:11     | Killed an unseen horror
 13625 | D:11     | Reached skill level 1 in Shields
 13722 | D:11     | Noticed a red ugly thing
 13747 | D:11     | Killed a red ugly thing
 13872 | D:11     | Noticed a brown ugly thing
 13887 | D:11     | Killed a brown ugly thing
 13887 | D:11     | Gained mutation: You are immune to freezing clouds.
                  | [demonic ancestry]
 13887 | D:11     | Reached XP level 12. HP: 80/88 MP: 8/20
 14433 | D:11     | Noticed a two-headed ogre
 14440 | D:11     | Killed a two-headed ogre
 14965 | D:12     | Reached skill level 12 in Polearms
 15240 | Lair:1   | Entered Level 1 of the Lair of Beasts
 15240 | Lair:1   | Noticed mopl's ghost (journeyman HOMo)
 15790 | Lair:1   | Found a runed translucent door.
 16479 | Lair:2   | Lost mutation: Your flesh is very cold resistant. (rC++)
                  | [potion of mutation]
 16479 | Lair:2   | Lost mutation: You are somewhat resistant to further
                  | mutation. [potion of mutation]
 16479 | Lair:2   | Gained mutation: You tend to lose your temper in combat.
                  | [potion of mutation]
 16479 | Lair:2   | Gained mutation: You have an increased reservoir of magic.
                  | (+10% MP) [potion of mutation]
 16479 | Lair:2   | Gained mutation: You expend magic power (3 MP) to
                  | strengthen your wands. [potion of mutation]
 16578 | Lair:2   | Found a staircase to the Snake Pit.
 16599 | Lair:2   | Reached skill level 5 in Invocations
 17047 | Lair:3   | Noticed a six-headed hydra
 17057 | Lair:3   | Killed a six-headed hydra
 17088 | Lair:3   | Learned a level 1 spell: Animate Skeleton
 17181 | Lair:3   | Found a staircase to the Shoals.
 17355 | Lair:3   | Found a runed translucent door.
 17356 | Lair:3   | Noticed Junuurch's ghost (journeyman OpFi)
 17357 | Lair:3   | Noticed a seven-headed hydra
 17791 | Lair:4   | Reached XP level 13. HP: 98/98 MP: 8/23
 17942 | Lair:4   | Reached skill level 1 in Necromancy
 17943 | Lair:4   | Reached skill level 1 in Evocations
 18886 | Lair:5   | Found a gate leading to a gauntlet.
 18906 | Gauntlet | Entered a Gauntlet
 18906 | Gauntlet | Found a transporter.
 18906 | Gauntlet | Found a transporter.
 18906 | Gauntlet | Found a transporter.
 19071 | Gauntlet | Found a transporter.
 19075 | Gauntlet | Found a transporter.
 19083 | Gauntlet | Identified the ring "Yrubam Ehacs" {*Tele Dex+5}
 19084 | Gauntlet | Found a transporter.
 19115 | Gauntlet | Noticed a death ooze
 19149 | Gauntlet | Found a transporter.
 19159 | Gauntlet | Found a transporter.
 19174 | Gauntlet | Found a transporter.
 19184 | Gauntlet | Found a transporter.
 19199 | Gauntlet | Found a transporter.
 19205 | Gauntlet | Found a transporter.
 19281 | Gauntlet | Killed a death ooze
 19494 | Gauntlet | Noticed a minotaur
 19507 | Gauntlet | Killed a minotaur
 19507 | Gauntlet | Reached skill level 5 in Shields
 19776 | Lair:5   | Noticed Nessos
 19787 | Lair:5   | Killed Nessos
 19888 | Lair:5   | Noticed Josephine
 19899 | Lair:5   | Killed Josephine
 20233 | Lair:6   | Entered Level 6 of the Lair of Beasts
 20629 | Lair:6   | Found a staircase to the Slime Pits.
 20667 | Lair:6   | Reached skill level 10 in Fighting
 20681 | Lair:6   | Gained mutation: You have razor-sharp toenails. [demonic
                  | ancestry]
 20681 | Lair:6   | Reached XP level 14. HP: 103/110 MP: 24/24
 21261 | Lair:6   | Reached skill level 10 in Armour
 21682 | Lair:6   | Found a large runed translucent door.
 21682 | Lair:6   | Found a large runed translucent door.
 21686 | Lair:6   | Noticed floatRand's ghost (journeyman GnFi)
 22127 | Lair:3   | Lost mutation: You tend to lose your temper in combat.
                  | [potion of mutation]
 22127 | Lair:3   | Lost mutation: You expend magic power (3 MP) to strengthen
                  | your wands. [potion of mutation]
 22127 | Lair:3   | Lost mutation: You have an increased reservoir of magic.
                  | (+10% MP) [potion of mutation]
 22127 | Lair:3   | Gained mutation: Your mind is acute. (Int +2) [potion of
                  | mutation]
 22127 | Lair:3   | Gained mutation: Your magical capacity is low. (-10% MP)
                  | [potion of mutation]
 22127 | Lair:3   | Gained mutation: You have claws for feet. [potion of
                  | mutation]
 22324 | Lair:6   | Killed floatRand's ghost
 22336 | Lair:6   | Identified the cursed +0 scale mail "Jotosud" {Int+3} (You
                  | found it on level 6 of the Lair of Beasts)
 22594 | D:12     | Found an opulent altar of Gozag.
 23017 | D:12     | Identified the cursed +1 leather armour "Ruinezus" {rF+++
                  | rCorr MP-9 Int-5}
 23489 | D:12     | Noticed Fannar
 23505 | D:12     | Killed Fannar
 23505 | D:12     | Reached skill level 10 in Invocations
 23654 | D:12     | Found a staircase to the Orcish Mines.
 24007 | Orc:1    | Entered Level 1 of the Orcish Mines
 24560 | Orc:1    | Found a shimmering altar of Xom.
 24692 | Orc:1    | Found a bloodstained altar of Trog.
 24775 | Orc:2    | Entered Level 2 of the Orcish Mines
 24775 | Orc:2    | Noticed Saint Roka
 24821 | Orc:1    | Killed Saint Roka
 24821 | Orc:1    | Reached skill level 5 in Throwing
 25774 | Orc:2    | Mutation became permanent: You have razor-sharp toenails.
                  | [demonic ancestry]
 25774 | Orc:2    | Gained mutation: You have claws for feet. [demonic
                  | ancestry]
 25774 | Orc:2    | Reached XP level 15. HP: 104/118 MP: 20/20
 25814 | Orc:2    | Found a roughly hewn altar of Beogh.
 26214 | Orc:2    | Found a staircase to the Elven Halls.
 26471 | Orc:2    | Found Itetropu's General Store.
 26471 | Orc:2    | Found Ostrinere's General Store.
 26472 | Orc:2    | Found Ozxyitt's Jewellery Emporium.
 26475 | Orc:2    | Found Dash's Book Emporium.
 26478 | Orc:2    | Bought a potion of mutation for 88 gold pieces
 26478 | Orc:2    | Lost mutation: Your magical capacity is low. (-10% MP)
                  | [potion of mutation]
 26478 | Orc:2    | Lost mutation: Your mind is acute. (Int +2) [potion of
                  | mutation]
 26478 | Orc:2    | Gained mutation: You passively map a small area around you.
                  | [potion of mutation]
 26478 | Orc:2    | Gained mutation: You are weak. (Str -2) [potion of
                  | mutation]
 26478 | Orc:2    | Gained mutation: You have sharp fingernails. [potion of
                  | mutation]
 26481 | Orc:2    | Bought the ring of Kuh Qickebu {rN+ Int+3 Slay+3} for 550
                  | gold pieces
 26932 | D:13     | Got a faintly glowing chain mail
 26933 | D:13     | Identified the +4 chain mail of Absence {rC- Slay+3 Stlth+}
                  | (You found it on level 13 of the Dungeon)
 27235 | D:13     | Found Xutibies's Jewellery Emporium.
 27238 | D:13     | Bought the amulet of Xumputem {Reflect Str+4 Int+3 SH+3}
                  | for 486 gold pieces
 27273 | D:13     | Found Fyogoc's Antique Armour Shoppe.
 27295 | D:13     | Found a shattered altar of Ashenzari.
 27446 | D:13     | Found a gate to the Vaults.
 27725 | D:13     | Found Yrghoim's Distillery.
 27731 | D:13     | Bought a potion of mutation for 120 gold pieces
 27731 | D:13     | Lost mutation: You passively map a small area around you.
                  | [potion of mutation]
 27731 | D:13     | Gained mutation: You do not regenerate when monsters are
                  | visible. [potion of mutation]
 27731 | D:13     | Gained mutation: Your magical capacity is low. (-10% MP)
                  | [potion of mutation]
 27731 | D:13     | Gained mutation: Your flesh is very cold resistant. (rC++)
                  | [potion of mutation]
 27732 | D:13     | Bought a potion of heal wounds for 75 gold pieces
 27927 | D:13     | Found Lerabeal's Gadget Emporium.
 28538 | D:14     | Splashed by an acid dragon's acid

Levels and vault maps discovered:
D:1:      shiori_shiawase, layout_basic, minmay_misc_feat_doors,
          minmay_misc_feat_more_columns, minmay_tromino_i4
D:2:      layout_loops_ring, chequers_serial_rivers_room_b,
          guppyfry_early_orc_mine, uniq_crazy_yiuf_cottage, uniq_jessica
D:3:      layout_basic, nicolae_overflow_crystal_walls
D:4:      layout_rooms, gammafunk_ghost_necromancy
D:5:      layout_basic, first_ration, minivault_11, uniq_edmund, uniq_sigmund
D:6:      cheibrodos_steamvent, layout_cave_pools,
          minmay_temple_entry_butterflies
D:7:      layout_loops_corners, the_bakery
D:8:      layout_loops_cross, serial_shops,
          nicolae_shop_competitors_out_of_business
D:9:      layout_roguey, basic_altar, gammafunk_ghost_cemetery, st_stairs_13,
          minmay_the_grid_2x2 [minmay_the_grid_minigrid_medium,
          minmay_the_grid_pillar_ring, minmay_the_grid_embedded,
          minmay_the_grid_prize_shrinking_boxes]
D:10:     layout_basic, due_lair_maze_entry_diamond, serial_shops,
          nicolae_shop_behind_doors, shop_fountains, nicolae_shop_behind_doors,
          shop, minmay_another_anthill
D:11:     layout_grid_maze, corexii_corridor_pit
D:12:     minmay_skewed_foursquare, layout_irregular_city,
          kennysheep_orc_monster_closet_entryway, grunt_gozag_statues,
          uniq_fannar
D:13:     layout_basic, skrybe_vaults_entry_preservation, serial_shops,
          nicolae_shop_waterfront, kennysheep_mini, shop_fountains, shop,
          nicolae_ashenzari_panopticon
D:14:     giant_chief_lemuel, layout_basic, minmay_hedge_maze,
          chequers_big_river, uniq_rupert
Temple:   nicolae_temple_the_god_donut
Lair:1:   layout_chaotic_city, hellmonk_ghost_happy_afterlife,
          minmay_lair_oklob_chamber, grunt_megastairs_4
Lair:2:   layout_misc_corridors, minmay_snake_entry_guardpost_small,
          chequers_serial_rivers_large_a, lemuel_fruit_fields
Lair:3:   layout_concentric_octagons, minmay_shoals_entry_beasts,
          ebering_ghost_inner_flame, grunt_forest_stairs_clearing
Lair:4:   layout_cave_pods, lemuel_fruit_fields, grunt_megastairs_2
Lair:5:   layout_regular_city, gauntlet_entry_generic, uniq_nessos,
          uniq_josephine
Lair:6:   minmay_lair_end_enchanted_forest, layout_big_grid,
          dpeg_slime_entry_corner, ebering_ghost_disaster_area,
          chequers_serial_rivers_small_a, st_stairs_3,
          eino_small_chamber_without_monster, minivault_23
Orc:1:    layout_caves, basic_altar, trog_hazing_becter
Orc:2:    st_orc_mages, layout_caves, mines2_david, uniq_saint_roka

Skill      XL: |  1  2  3  4  5  6  7  8  9 10 11 12 13 14 |
---------------+-------------------------------------------+-----
Transmutations | 1 |  1.3
Air Magic      | 1 2 3 4 |  4.0
Poison Magic   | 4 5 6 7 |  7.0
Armour         | 1 2 3 4 5 6 7 8 9 11 | 11.6
Spellcasting   | 3 4 5 |  5.3
Axes           | 1 |  1.5
Fighting       | 1 2 3 4 6 8 10 11 | 11.4
Polearms       | 3 5 7 9 11 12 | 12.6
Throwing       | 1 2 5 |  5.9
Invocations    | 3 6 8 10 | 10.8
Shields        | 1 3 6 7 |  7.8
Necromancy     | 2 |  2.7
Evocations     | 2 |  2.4
Dodging        | |  1.7
Stealth        | |  1.7

Action                   |  1- 3 |  4- 6 |  7- 9 | 10-12 | 13-15 || total
-------------------------+-------+-------+-------+-------+-------++-------
Melee: Club              |    35 |    51 |       |       |       ||    86
       Unarmed           |     3 |       |       |       |       ||     3
       Kick              |     4 |    25 |    37 |   170 |   198 ||   434
       Hand axe          |       |   104 |       |       |       ||   104
       Lance             |       |    12 |   248 |   774 |  1427 ||  2461
Throw: Dart              |    33 |     8 |     5 |       |    66 ||   112
       Boomerang         |       |       |       |       |    26 ||    26
       Javelin           |       |       |       |       |     4 ||     4
 Cast: Sting             |    25 |       |       |       |       ||    25
       Poisonous Vapours |    18 |    51 |    36 |    72 |    16 ||   193
       Olgreb's Toxic Ra |       |       |       |    11 |     5 ||    16
       Animate Skeleton  |       |       |       |     3 |    13 ||    16
Evoke: Wand              |       |       |       |     4 |     3 ||     7
       Phial of floods   |       |       |       |     1 |     2 ||     3
  Use: Potion            |       |     3 |     2 |     2 |    11 ||    18
       Scroll            |       |       |    16 |     3 |    12 ||    31
 Stab: Sleeping          |       |     1 |     2 |     7 |       ||    10
       Paralysed         |       |       |     3 |    63 |   108 ||   174
       Invisible         |       |       |       |       |     3 ||     3
       Distracted        |       |       |       |       |     2 ||     2
  Eat: Chunk             |     4 |    15 |     9 |    25 |    30 ||    83
       Ration            |       |     1 |     1 |     1 |     2 ||     5
Armor: Robe              |     9 |       |       |       |       ||     9
       Ring mail         |    23 |    57 |    37 |    43 |       ||   160
       Troll leather arm |       |       |       |    75 |    22 ||    97
       Plate armour      |       |       |       |       |   295 ||   295
       Chain mail        |       |       |       |       |    34 ||    34
Dodge: Dodged            |    82 |   127 |    98 |   247 |   180 ||   734
Block: Buckler           |       |       |       |    46 |   152 ||   198
       Shield            |       |       |       |       |    33 ||    33
       Reflection        |       |       |       |       |     6 ||     6

Table legend:
 A = Non-vault XP
 B = Vault XP
 C = Vault XP percentage of total XP
 D = Non-vault monster count
 E = Vault monster count
 F = Vault count percentage of total count
                 A         B        C        D         E       F
            +---------+---------+-------+---------+---------+-------
      Total |   67834 |   51282 |  43.1 |     544 |     255 |  31.9
            +---------+---------+-------+---------+---------+-------
        D:1 |      32 |      14 |  30.4 |      18 |       7 |  28.0
        D:2 |     107 |      86 |  44.6 |      27 |       5 |  15.6
        D:3 |     134 |       0 |   0.0 |      30 |       0 |   0.0
        D:4 |     285 |      19 |   6.2 |      20 |       2 |   9.1
        D:5 |     847 |     377 |  30.8 |      24 |       2 |   7.7
        D:6 |    1570 |     573 |  26.7 |      41 |       3 |   6.8
        D:7 |     406 |     224 |  35.6 |       7 |       1 |  12.5
        D:8 |     659 |       0 |   0.0 |      19 |       0 |   0.0
        D:9 |    1567 |    5081 |  76.4 |      28 |      20 |  41.7
       D:10 |    2716 |    3712 |  57.7 |      31 |      33 |  51.6
       D:11 |    7187 |       0 |   0.0 |      44 |       0 |   0.0
       D:12 |    7450 |    5151 |  40.9 |      33 |      28 |  45.9
       D:13 |    3620 |    5253 |  59.2 |      21 |       9 |  30.0
       D:14 |    3133 |       0 |   0.0 |      14 |       0 |   0.0
     Lair:1 |    4805 |     193 |   3.9 |      27 |       1 |   3.6
     Lair:2 |    2000 |     479 |  19.3 |      14 |       3 |  17.6
     Lair:3 |    2014 |    1805 |  47.3 |       8 |       8 |  50.0
     Lair:4 |    7841 |     890 |  10.2 |      27 |       5 |  15.6
     Lair:5 |    5800 |    3345 |  36.6 |      14 |       7 |  33.3
     Lair:6 |    9916 |   10247 |  50.8 |      26 |      44 |  62.9
      Orc:1 |    2881 |    4736 |  62.2 |      42 |       9 |  17.6
      Orc:2 |    2864 |    5477 |  65.7 |      29 |      61 |  67.8
   Gauntlet |       0 |    3620 | 100.0 |       0 |       7 | 100.0
            +---------+---------+-------+---------+---------+-------
